 Dungeon Crawl Stone Soup version 0.30-a0-154-gb106f4c828 (webtiles) character file.

Game seed: 10343811173153681017

112 Malachi the Insei (level 4, -3/32 HPs)
             Began as a Demonspawn Transmuter on Sept 27, 2022.
             Killed from afar by an orc wizard (6 damage)
             ... with a magic dart
             ... on level 3 of the Dungeon.
             The game lasted 00:04:10 (3741 turns).

Malachi the Insei (Demonspawn Transmuter)           Turns: 3741, Time: 00:04:11

Health: -3/32      AC:  2    Str: 10    XL:     4   Next: 64%
Magic:  16/16      EV: 12    Int: 16    God:
Gold:   65         SH:  0    Dex: 14    Spells: 6/7 levels left

rFire   . . .      SeeInvis .      - Unarmed
rCold   . . .      Faith    .    (no shield)
rNeg    . . .      Spirit   .    a - +0 robe
rPois   +          Reflect  .    (no helmet)
rElec   .          Harm     .    (no cloak)
rCorr   .          Rampage  .    (no gloves)
Will    .....                    (no boots)
Stlth   +.........               (no amulet)
HPRegen 0.10/turn                q - ring of Dogomeod {rPois MP+9}
MPRegen 0.15/turn                (no ring)

@: attractive, flying (expiring)
A: demonic guardian 1
a: no special abilities


You were on level 3 of the Dungeon.
You visited 1 branch of the dungeon, and saw 3 of its levels.

You collected 190 gold pieces.
You spent 125 gold pieces at shops.

Inventory:

Armour
 a - a +0 robe (worn)
Jewellery
 q - the ring of Dogomeod (left hand) {rPois MP+9}
   (You bought it in a shop on level 3 of the Dungeon)

   [ring of poison resistance]

   rPois:     It protects you from poison.
   MP:        It affects your magic capacity (+9).
Scrolls
 c - a scroll of teleportation {unknown}
 d - a scroll of summoning {unknown}
 e - a scroll of silence
 g - a scroll of amnesia {unknown}
 h - a scroll of magic mapping {unknown}
 k - a scroll of fear
Potions
 b - a potion of lignification
 f - 3 potions of attraction
 i - a potion of curing
 j - a potion of haste {unknown}
 m - a potion of mutation {unknown}
 n - a potion of resistance {unknown}
 o - a potion of heal wounds {unknown}
 p - a potion of brilliance {unknown}


   Skills:
 - Level 1.0 Fighting
 - Level 1.7 Dodging
 + Level 5.0 Unarmed Combat
 - Level 2.0 Spellcasting
 - Level 1.7 Transmutations


You had 6 spell levels left.
You knew the following spells:

 Your Spells              Type           Power      Damage    Failure   Level
a - Beastly Appendage     Tmut           14%        N/A       10%         1

Your spell library contained the following spells:

 Spells                   Type           Power      Damage    Failure   Level
 Wereblood                Tmut           7%         N/A       16%         2
 Spider Form              Tmut/Pois      4%         N/A       41%         3
 Stone Arrow              Conj/Erth      2%         3d7       52%         3
 Ice Form                 Ice/Tmut       4%         N/A       82%         4
 Animate Armour           Summ/Erth      2%         N/A       90%         4
 Lehudib's Crystal Spear  Conj/Erth      0%         10d2      100%        8


Dungeon Overview and Level Annotations

Branches:
Dungeon (3/15)

Altars:
Okawaru
Sif Muna

Shops:
D:3 *


Innate Abilities, Weirdness & Mutations

A weak demonic guardian rushes to your aid.


Message History

The orc is attracted toward you. Something is attracted toward you.
The orc is attracted toward you. The orc is attracted toward you.
Something is attracted toward you. The orc is attracted toward you.
Unknown command.
You barely miss the orc.
The orc is heavily wounded.
The orc is attracted toward you. Something is attracted toward you.
The orc is attracted toward you.
You barely miss the orc.
The orc is heavily wounded.
The orc is attracted toward you. Something is attracted toward you.
The orc is attracted toward you.
You closely miss the orc.
The orc is heavily wounded.
You barely miss the orc.
The orc is heavily wounded.
The orc is attracted toward you. Something is attracted toward you.
The orc is attracted toward you.
You barely miss the orc.
The orc is heavily wounded.
The orc is attracted toward you. Something is attracted toward you.
The orc is attracted toward you.
You punch the orc!
You kill the orc!
Your magical contamination has completely faded away.
Something is attracted toward you. The orc is attracted toward you.
You miss something. Something is attracted toward you.
The orc is attracted toward you.
Unknown command.
Something is attracted toward you. The orc is attracted toward you.
Something is attracted toward you. The orc is attracted toward you.
You are starting to lose your buoyancy.
Something is attracted toward you. Something is attracted toward you.
Something hits you.
* * * LOW HITPOINT WARNING * * *
A magic dart appears from out of thin air!
The magic dart hits you.
You die...

# #. ### #####
#####.##.## ##...##
..........#####.###.#
#...)....{.@...#.#
#...).#.#####.#.#.##
##..ยง###.#####.....##
#.#.. ###.........##
#. #.. #.##.......#
####.. #.##.......#
..... #.##.......#
##...## #.........##
##.....## ######...##


There were no monsters in sight!

Vanquished Creatures
  An orc wizard (D:3)
  An adder (D:2)
  A dart slug (D:3)
  2 orcs (D:3)
  7 endoplasms
  2 goblins
  6 hobgoblins
  7 kobolds
  3 quokkas
  4 ball pythons
  6 bats
  6 frilled lizards
  6 rats
52 creatures vanquished.

Vanquished Creatures (collateral kills)
  An adder (D:2)
  2 orcs (D:3)
  A bat (D:2)
  An endoplasm (D:1)
  A hobgoblin (D:2)
  A kobold (D:2)
  A quokka (D:2)
  A rat (D:2)
9 creatures vanquished.

Grand Total: 61 creatures vanquished

Notes
Turn   | Place    | Note
-------+----------+-------------------------------------------
     0 | D:1      | Malachi the Demonspawn Transmuter began the quest for the
                  | Orb.
     0 | D:1      | Reached XP level 1. HP: 15/15 MP: 3/3
    49 | D:1      | Reached skill level 3 in Unarmed Combat
    61 | D:1      | Gained mutation: A weak demonic guardian rushes to your
                  | aid. [demonic ancestry]
    61 | D:1      | Reached XP level 2. HP: 2/21 MP: 1/5
   657 | D:1      | You fall into a shaft and drop 1 floor!
   982 | D:1      | Reached XP level 3. HP: 21/26 MP: 4/6
  1530 | D:2      | Reached skill level 4 in Unarmed Combat
  2163 | D:2      | Reached XP level 4. HP: 8/32 MP: 7/7
  2948 | D:3      | Found a shimmering blue altar of Sif Muna.
  3328 | D:3      | Found an iron altar of Okawaru.
  3356 | D:3      | Found Xiemn's Assorted Antiques.
  3363 | D:3      | Bought a crude silver ring for 125 gold pieces
  3363 | D:3      | Identified the ring of Dogomeod {rPois MP+9} (You bought it
                  | in a shop on level 3 of the Dungeon)
  3707 | D:3      | Identified the +1 chain mail of the Scribe {Str+4 Int+4
                  | Dex+6}
  3719 | D:3      | Reached skill level 5 in Unarmed Combat
  3741 | D:3      | Killed from afar by an orc wizard

Illustrated notes

Levels and vault maps discovered:
D:1:      psy_arrival_whirlpool, layout_basic, minmay_misc_feat_roman
D:2:      minmay_alternating_diamond, layout_basic, minmay_octomino_e4
D:3:      kennysheep_six_static_rooms, layout_loops_corners,
          mainiacjoe_overflow_alcove_2, mainiacjoe_overflow_tiny_flanked,
          serial_shops, nicolae_shop_competitors_out_of_business,
          serial_park_tiny_2, minmay_misc_feat_encased, uniq_robin

Skill      XL: |  1  2  3  4 |
---------------+-------------+-----
Unarmed Combat | 3 4 5 |  5.0
Fighting       | |  1.0
Dodging        | |  1.7
Spellcasting   | |  2.0
Transmutations | |  1.7

Action                   |  1- 3 |  4- 6 || total
-------------------------+-------+-------++-------
Melee: Unarmed           |   101 |    35 ||   136
       Kick              |    19 |     8 ||    27
       Headbutt          |    14 |     7 ||    21
       Punch             |     2 |       ||     2
 Cast: Beastly Appendage |    25 |     8 ||    33
  Use: Potion            |     1 |     3 ||     4
       Scroll            |       |     4 ||     4
 Stab: Sleeping          |     3 |       ||     3
       Fleeing           |       |     1 ||     1
Armor: Robe              |    23 |     6 ||    29
       Skin              |     6 |     3 ||     9
Dodge: Dodged            |    81 |    11 ||    92

Table legend: (Time is in decaauts)
 A = Elapsed time spent in this place.
 B = Non-inter-level travel time spent in this place.
 C = Inter-level travel time spent in this place.
 D = Time resting spent in this place.
 E = Time spent auto-exploring this place.
 F = Levels seen in this place.
 G = Mean time per level.
                   A        B        C        D        E       F      G
               +--------+--------+--------+--------+--------+-----+--------+
         Total |   3732 |   3675 |     57 |   1020 |   2258 |   3 | 1244.0 |
       Dungeon |   3732 |   3675 |     57 |   1020 |   2258 |   3 | 1244.0 |
               +--------+--------+--------+--------+--------+-----+--------+

Top non-repeatable levels by time:
     D:2: 1595 daAuts
     D:1: 1246 daAuts
     D:3: 890 daAuts
